Map: Prion Terraces

Players

Harstem - Winner!

  • Race: Protoss Protoss
  • League: Platinum

LiquidBunny (Bunny)

  • Race: Terran Terran
  • League: Grandmaster

Event: Homestory Cup XII

VOD

Have the link to the VOD?

Description

Time

  • Played on: Dec. 18, 2015, 10:03 a.m.
  • Length: 10:05

All games in this series

Show
View Real Time Build Order
Export as new Build Order

Harstem Protoss - Winner!

Build Orders: 1 Gate Expand, Oracle Opening 

Get SALT Encoding   

  12  0:01  Probe (Chrono Boost)  
  13  0:11  Probe (Chrono Boost)  
  14  0:17  Pylon  
  14  0:22  Probe (Chrono Boost)  
  16  0:35  Probe (Chrono Boost)  
  16  0:36  Gateway  
  16  0:46  Probe (Chrono Boost)  
  16  0:48  Assimilator  
  17  0:57  Probe (Chrono Boost)  
  18  1:07  Probe (Chrono Boost)  
  19  1:19  Nexus  
  19  1:28  Cybernetics Core  
  19  1:30  Probe (Chrono Boost)  
  20  1:36  Assimilator  
  20  1:41  Probe (Chrono Boost)  
  20  1:46  Pylon  
  21  1:52  Probe (Chrono Boost)  
  22  2:05  Mothership Core (Chrono Boost), Adept  
  26  2:13  Warp Gate  
  26  2:23  Probe (Chrono Boost)  
  27  2:31  Probe (Chrono Boost)  
  27  2:34  Probe (Chrono Boost)  
  29  2:41  Probe (Chrono Boost)  
  30  2:44  Probe (Chrono Boost)  
  31  2:52  Probe (Chrono Boost)  
  31  2:53  Adept, Stargate  
  31  2:55  Probe (Chrono Boost)  
  35  3:02  Probe (Chrono Boost)  
  37  3:05  Probe (Chrono Boost)  
  37  3:13  Probe (Chrono Boost)  
  37  3:16  Probe (Chrono Boost)  
  39  3:20  Nexus  
  39  3:23  Probe (Chrono Boost)  
  40  3:30  Probe (Chrono Boost)  
  41  3:36  Oracle (Chrono Boost)  
  41  3:39  Probe  
  43  3:44  Probe  
  43  3:45  Gateway  
  43  3:46  Gateway  
  44  3:49  Probe  
  45  3:56  Twilight Council, Probe  
  45  3:59  Pylon  
  46  4:08  Pylon  
  46  4:16  Probe, Assimilator  
  46  4:17  Probe  
  46  4:20  Assimilator  
  46  4:22  Pylon  
  51  4:26  Probe  
  51  4:29  Probe  
  53  4:37  Probe, Phoenix (Chrono Boost)  
  52  4:40  Blink (Chrono Boost)  
  52  4:42  Probe  
  54  4:45  Robotics Facility  
  54  4:46  Probe  
  54  4:48  Gateway, Probe  
  54  4:50  Gateway  
  57  5:00  Probe, Phoenix (Chrono Boost)  
  57  5:05  Probe  
  58  5:09  Probe  
  58  5:14  Probe  
  58  5:18  Gateway  
  58  5:19  Probe  
  58  5:20  Pylon  
  60  5:21  Probe  
  60  5:25  Pylon  
  60  5:26  Probe  
  62  5:30  Probe  
  62  5:31  Sentry  
  62  5:32  Probe  
  66  5:36  Adept  
  66  5:38  Probe  
  66  5:39  Adept  
  66  5:42  Probe  
  71  5:43  Observer (Chrono Boost)  
  71  5:44  Forge  
  71  5:45  Probe  
  71  5:47  Adept  
  76  5:50  Probe  
  76  5:53  Probe  
  78  6:00  Probe (Chrono Boost)  
  78  6:03  Probe (Chrono Boost)  
  79  6:07  Probe (Chrono Boost)  
  79  6:09  Phoenix (Chrono Boost)  
  79  6:10  Adept x5  
  89  6:16  Protoss Ground Armor Level 1 (Chrono Boost)  
  89  6:17  Photon Cannon  
  90  6:18  Immortal (Chrono Boost)  
  93  6:27  Adept, Pylon  
  95  6:35  Resonating Glaives (Chrono Boost)  
  95  6:39  Oracle (Chrono Boost)  
  98  6:41  Adept  
  98  6:44  Pylon  
  100  6:47  Gateway  
  100  6:50  Gateway  
  100  6:53  Pylon x2, Photon Cannon  
  100  7:03  Stalker x4, Adept  
  100  7:07  Assimilator  
  110  7:10  Immortal (Chrono Boost)  
  110  7:14  Probe (Chrono Boost)  
  115  7:17  Assimilator  
  115  7:18  Pylon  
  115  7:28  Probe x2 (Chrono Boost)  
  115  7:29  Probe (Chrono Boost)  
  118  7:35  Templar Archives  
  118  7:36  Nexus  
  118  7:38  Pylon  
  118  7:40  Probe x2 (Chrono Boost)  
  120  7:45  Observer  
  120  7:46  Adept x2  
  120  7:49  Protoss Ground Armor Level 2 (Chrono Boost)  
  125  7:57  Adept x2  
  125  7:58  Stalker  
  131  8:06  Immortal  
  131  8:09  Probe, Forge  
  136  8:17  Adept x2  
  140  8:30  Adept x2  
  140  8:31  Stalker x2  
  140  8:32  Pylon  
  148  8:35  Pylon  
  148  8:51  Adept x5  
  158  8:59  Immortal (Chrono Boost)  
  162  9:16  Adept x7  
  158  9:34  Adept  
  144  9:40  Gateway, Adept x3  
  144  9:41  Stalker x4  
  144  9:42  Gateway  
  150  9:58  Adept  
  144  10:01  Pylon  
Show
View Real Time Build Order
Export as new Build Order

LiquidBunny Terran 

Build Orders: Cyclone Opening, Reaper Expand, MMM Bio 

Get SALT Encoding   

  12  0:00  SCV  
  13  0:12  SCV  
  14  0:17  Supply Depot  
  14  0:25  SCV  
  15  0:38  SCV  
  15  0:40  Barracks  
  16  0:43  Refinery  
  16  0:50  SCV  
  17  1:02  SCV  
  18  1:15  SCV  
  19  1:27  Reaper, Orbital Command  
  20  1:39  Command Center  
  20  1:45  Refinery  
  20  1:53  SCV  
  21  2:03  Factory  
  21  2:05  SCV  
  22  2:09  Supply Depot  
  22  2:11  Barracks Tech Lab  
  22  2:17  SCV  
  23  2:30  SCV  
  24  2:42  SCV  
  24  2:52  Orbital Command  
  24  2:54  SCV  
  24  2:56  Cyclone  
  28  2:58  Starport  
  28  3:06  SCV  
  28  3:07  Barracks Reactor  
  29  3:18  SCV  
  29  3:19  SCV  
  31  3:28  Command Center  
  31  3:30  SCV  
  31  3:31  SCV  
  32  3:42  SCV, Cloaking Field  
  32  3:43  SCV  
  32  3:44  Bunker  
  32  3:47  Banshee  
  37  3:52  Marine  
  37  3:53  Marine  
  37  3:54  SCV  
  37  3:55  SCV  
  40  3:56  Factory Tech Lab  
  40  4:06  SCV  
  40  4:07  SCV  
  40  4:08  Supply Depot  
  42  4:10  Marine  
  42  4:11  Marine  
  44  4:18  SCV  
  44  4:19  SCV  
  46  4:28  Marine  
  46  4:34  SCV x2, Siege Tank, Marine  
  51  4:42  Banshee  
  54  4:46  SCV x2, Marine  
  54  4:47  Orbital Command  
  54  4:51  Engineering Bay  
  54  4:52  Marine  
  57  4:58  SCV x2  
  60  5:04  Marine  
  61  5:10  SCV, Barracks  
  61  5:11  SCV, Barracks  
  60  5:15  Refinery  
  60  5:16  Refinery  
  60  5:17  Engineering Bay  
  60  5:21  Terran Infantry Weapons Level 1  
  60  5:22  SCV  
  60  5:24  SCV  
  60  5:25  SCV  
  63  5:28  Marine x2  
  63  5:35  SCV  
  66  5:36  SCV  
  66  5:39  Starport Reactor  
  66  5:41  Supply Depot, Orbital Command  
  68  5:45  Terran Infantry Armor Level 1, Factory Reactor  
  68  5:47  SCV, Marine x2  
  71  5:51  SCV  
  72  5:58  Barracks  
  72  5:59  SCV, Barracks  
  72  6:03  SCV  
  75  6:09  Marine  
  75  6:11  SCV x2, Marine  
  73  6:16  SCV  
  73  6:17  Missile Turret  
  73  6:18  Stimpack  
  75  6:19  Combat Shields  
  75  6:20  Marauder x2  
  75  6:23  SCV  
  75  6:24  SCV  
  75  6:25  Missile Turret  
  81  6:28  SCV  
  81  6:31  Supply Depot x2, Marine x2  
  81  6:32  Widow Mine x2  
  84  6:34  Medivac  
  84  6:38  Medivac  
  92  6:42  SCV  
  92  6:43  Refinery  
  92  6:45  Refinery  
  93  6:48  Armory  
  93  6:52  SCV, Marine  
  95  6:54  Marine  
  95  6:55  Marauder, Marine  
  95  6:57  Barracks Reactor, Barracks Tech Lab  
  95  7:00  SCV, Supply Depot  
  100  7:03  SCV, Supply Depot  
  100  7:06  Medivac  
  103  7:09  SCV  
  103  7:12  Marine x2  
  103  7:13  Supply Depot  
  103  7:14  Marine  
  107  7:17  Medivac  
  107  7:22  Marauder  
  110  7:24  SCV  
  110  7:27  Missile Turret, Marine  
  112  7:30  Marine  
  112  7:33  Supply Depot  
  112  7:35  Terran Infantry Weapons Level 2  
  113  7:39  Marine x2  
  113  7:41  Terran Infantry Armor Level 2  
  113  7:44  Marauder  
  117  7:47  Concussive Shells  
  117  7:48  Supply Depot, Marauder, Marine  
  117  7:49  Marine  
  121  7:53  Marine  
  121  7:54  Supply Depot  
  121  7:57  Marine x2  
  124  8:04  Marine  
  125  8:05  Marine  
  125  8:06  Marine  
  125  8:09  Marine  
  125  8:11  Marine  
  129  8:15  Command Center, Marine x2  
  131  8:22  Marine  
  131  8:23  Marine  
  131  8:24  Marine  
  134  8:27  Marauder  
  134  8:29  Marauder  
  134  8:33  Marine x2  
  137  8:41  Marine, Marauder  
  139  8:42  Barracks, Marine  
  139  8:43  Barracks  
  139  8:45  Barracks  
  139  8:46  SCV  
  142  8:49  Marauder  
  142  8:50  Marine  
  142  8:51  Marine x2  
  147  8:59  Marine  
  147  9:00  Marine  
  147  9:02  Marauder  
  151  9:08  Marine, Marauder  
  147  9:10  Marauder  
  147  9:11  Marine  
  147  9:15  SCV  
  142  9:17  Marine  
  142  9:18  Marine  
  142  9:19  SCV  
  142  9:22  Medivac x2  
  142  9:23  Marauder  
  132  9:26  Marine  
  132  9:29  Marine  
  132  9:30  Marauder  
  132  9:31  Marauder  
  132  9:34  SCV  
  132  9:35  SCV, Marine x2  
  123  9:44  Marine  
  119  9:46  Marine  
Tags
 
Add a new tag
Caveats
  • Supply blocks, unpowered buildings, or Contaminate may cause inaccurate times.
  • Supply counts are checked every 10 seconds.